Workbook
Name 工程费用: 概算!#REF!
Name 工程费用: #REF!
Name 工程费用: [2]表1!$G$18
Name 安装工程费: [2]表1!$D$18
Name 房屋拆迁费: #REF!
Name 钢材: #REF!
Name 钢绞线: #REF!
Name 工程建设其他费: [2]表1!#REF!
Name 工程名称: #REF!
Name 工程所在地: #REF!
Name 工程总投资: [2]表1!#REF!
Name 环评成果形式: #REF!
Name 环评敏感程度: #REF!
Name 环评专业属性: #REF!
Name 监理复杂度: #REF!
Name 监理工程类别: #REF!
Name 监理海拔: #REF!
Name 建贷或融资费: [2]表1!#REF!
Name 建设单位管理费: [2]表1!$G$44
Name 建设期贷款利息: #REF!
Name 建设期融资费用: #REF!
Name 建设用地费: [2]表1!#REF!
Name 建筑工程费: [2]表1!$C$18
Name 静态投资: [1]表1!#REF!
Name 勘察费: [2]表1!$G$50
Name 沥青: #REF!
Name 联合试运转费: [2]表1!$G$60
Name 木材: #REF!
Name 铺底流动资金: [2]表1!#REF!
Name 设备购置费: [2]表1!$E$18
Name 设计前期咨询费工程属性: #REF!
Name 是否政府投资项目: #REF!
Name 水泥: #REF!
Name 土地征用费: #REF!
Name 预备费: [2]表1!#REF!
Name 专业性质: #REF!
Name 工程费用: 市政不打印!#REF!

Sheet Macro1

Sheet 概算
A1: 工程总概算表
A2: 建设项目名称： | B2: 工程名称：闽清县梅溪镇上建线Y007地下管网提升改造项目
A3: 序号 | B3: 序号 | C3: 工程或费用名称 | D3: 估算金额（万元） | I3: 技术经济指标 | K3: 含总价措施费系1.05） | L3: 分部分项清单单位价值（元） | M3: 单位价值（元） | N3: 备注
D4: 建筑工程 | E4: 安装工程 | F4: 设备及工器具购置费 | G4: 其它费用 | H4: 合计 | I4: 单位 | J4: 数量
A5: 1 | B5: 2 | C5: 3 | D5: 4 | E5: 5 | F5: 6 | G5: 7 | H5: 8 | I5: 9 | J5: 10 | M5: 11 | N5: 12
B6: 一 | C6: 建安工程费用 | D6: =D7+D9+D10+D11+D8 -> 552.7832 | E6: =E7+E9+E10+E8+E11 -> 451.8533 | H6: =SUM(D6:G6) -> 1004.6365 | I6: km | J6: 1.831 | M6: =H6*10000/J6 -> 5486818.7
B7: 1 | C7: 路面工程 | D7: 322.372 | H7: =SUM(D7:G7) -> 322.372 | I7: km | J7: 1.831 | M7: =H7*10000/J7 -> 1760633.5
B8: 2 | C8: 排水工程 | D8: 215.2858 | H8: =SUM(D8:G8) -> 215.2858 | I8: km | J8: 1.831 | M8: =H8*10000/J8 -> 1175782.6
B9: 3 | C9: 交通工程 | D9: 15.1254 | H9: 15.1254 | I9: km | J9: 1.831 | L9: 38 | M9: =H9*10000/J9 -> 82607.318
B10: 4 | C10: 电力工程 | E10: 302.3153 | H10: =SUM(D10:G10) -> 302.3153 | I10: km | J10: 1.831 | M10: =H10*10000/J10 -> 1651093.9
B11: 5 | C11: 通信工程 | E11: 149.538 | H11: =SUM(D11:G11) -> 149.538 | I11: km | J11: 1.831 | M11: =H11*10000/J11 -> 816701.26
B12: 二 | C12: 工程建设其它费用 | G12: =H12 -> 183.47566 | H12: =SUM(H13:H30) -> 183.47566
B13: 1 | C13: 建设单位管理费 | G13: =H13 -> 15.06 | H13: =ROUND(15+(H6-1000)*1.2%,2) -> 15.06 | N13: 财政部财建[2016]504号文
B14: 2 | C14: 建设工程监理费 | G14: =H14 -> 25.602 | H14: =ROUND((78.1-30.1)/10000*(H6-1000)+30.1,2)*1*0.85 -> 25.602 | N14: 国家发展和改革委员会、建设部发改价格[2007]670号文
B15: 3 | C15: 工程造价咨询服务费 | G15: =H15 -> 3.36 | H15: =ROUND((500*0.35%+(500)*0.32%+(H6-1000)*0.28%),2) -> 3.36 | N15: 福建省建设工程造价管理协会‌发布的‌闽建价协〔2020〕34号‌文
B16: 4 | C16: 建设项目前期工作咨询费 | G16: =H16 -> 9.04 | H16: =ROUND((27-0)/3000*(H6-0)+0,2) -> 9.04 | N16: 国家计委计价格[1999]1283号文
B17: 5 | C17: 勘察费 | G17: =H17 -> 35.16 | H17: =ROUND(H6*3.5%,2) -> 35.16 | N17: 建标[2011]1号文《市政工程设计概算编制办法》
B18: 6 | C18: 设计费 | G18: =H18 -> 38.95 | H18: =ROUND((103.8-38.8)/2000*(H6-1000)+38.8,2) -> 38.95 | N18: 计价格【2002】10号
B19: 7 | C19: 环境影响咨询服务费 | G19: =H19 -> 2.44 | H19: =ROUND((7.3-0)/3000*(H6-0)+0,2) -> 2.44 | N19: 国家计委、国家环境保护总局计价格[2002]125号文
B20: 8 | C20: 水土保持补偿费 | G20: =H20 -> 1.2971 | H20: =5971/10000+0.7 -> 1.2971 | N20: 福建省发展和改革委、福建省财政厅闽发改服价函[2020]267
B21: 9 | C21: 劳动安全卫生评审费 | G21: =H21 -> 3.01 | H21: =ROUND(H6*0.3%,2) -> 3.01 | N21: 建标[2011]1号文《市政工程设计概算编制办法》，工程费用×0.3%
B22: 10 | C22: 场地准备及临时设施费 | G22: =H22 -> 10.05 | H22: =ROUND(H6*1%,2) -> 10.05 | N22: 建标[2011]1号文《市政工程设计概算编制办法》，工程费用×1%
B23: 11 | C23: 工程保险费 | G23: =H23 -> 5.02 | H23: =ROUND(H6*0.5%,2) -> 5.02 | N23: 建标[2011]1号文《市政工程设计概算编制办法》
B24: 12 | C24: 招标代理服务费 | G24: =H24 -> 11.53 | H24: =ROUND(400*1%+400*1%+(500)*0.7%+(H6-1000)*0.55%,2) -> 11.53 | N24: 国家发展改革委发改价格[2011]534号
B25: 13 | C25: 施工图预算编制费 | G25: =H25 -> 3.895 | H25: =H18*10% -> 3.895 | N25: 国家计委、建设部计价格[2002]10号文
B26: 14 | C26: 竣工图编制费 | G26: =H26 -> 3.116 | H26: =H18*8% -> 3.116 | N26: 国家计委、建设部计价格[2002]10号文
B27: 15 | C27: 施工图审查费 | G27: =H27 -> 0.74 | H27: =ROUND(100*0.17%+400*0.14%+(H6-500)*0.11%%,2) -> 0.74 | N27: 国家计委、建设部计价格[2002]10号文
B28: 16 | C28: 地质灾害评估费 | G28: =H28 -> 4 | H28: 4 | N28: 暂列金额
B29: 17 | C29: 支付担保费 | G29: =H6*1.2/100*0.1 -> 1.2055638 | H29: =G29 -> 1.2055638 | N29: 福建省住房和城乡建设厅闽建[2023]4号
B30: 18 | C30: 地下管线竣工测量费 | G30: =H30 -> 10 | H30: 10 | N30: 暂列金额
B31: 三 | C31: 预备费 | G31: =H31 -> 59.405608 | H31: =H32 -> 59.405608
B32: （一） | C32: 基本预备费 | G32: =H32 -> 59.405608 | H32: =(H6+H12)*5% -> 59.405608 | N32: （一+二）*5%
C33: 工程静态投资 | D33: =D31+D12+D6 -> 552.7832 | E33: =E31+E12+E6 -> 451.8533 | F33: =F31+F12+F6 -> 0 | G33: =G31+G12+G6 -> 242.88127 | H33: =H31+H12+H6 -> 1247.5178 | N33: （一+二+三）
B34: 五 | C34: 建设期贷款利息
B35: （一） | C35: 建设期贷款利息
C36: 建设项目总投资 | D36: =D33+D34 -> 552.7832 | E36: =E33+E34 -> 451.8533 | F36: =F33+F34 -> 0 | G36: =G33+G34 -> 242.88127 | H36: =H33+H34 -> 1247.5178 | N36: （四+五）
S55: 1612.7227
S56: 412.729
S57: 584.16
S58: 45.9
S59: 135.65
S60: 77.2
S61: 67.8045
S62: 65.552
S63: 28
S64: 86.3805
S65: 49.165
S66: =SUM(S55:S65) -> 3165.2637

Sheet 其他费用计算表
A1: 序号 | B1: 费用名称 | C1: 说明及计算式 | D1: 金额（万元） | E1: 备注
A2: 1 | B2: 建设单位管理费 | C2: 财政部财建[2016]504号文财政部关于印发《基本建设项目建设成本管理规定》 | D2: =概算!H13 -> 15.06
A3: 2 | B3: 建设工程监理费 | C3: 发改价格[2007]670号文《国家发展改革委、建设部关于印发<建设工程监理与相关服务收费管理规定>的通知》 | D3: =概算!H14 -> 25.602
A4: 3 | B4: 工程造价咨询服务费 | C4: 福建省物价局【2020】34号文《福建省建设工程造价咨询服务费行业标准》 | D4: =概算!H15 -> 3.36
A5: 4 | B5: 建设项目前期工作咨询费 | C5: 国家计委计价格[1999]1283号文《国家计委关于印发建设项目前期工作咨询收费暂行规定的通知》 | D5: =概算!H16 -> 9.04
A6: 5 | B6: 勘察费 | C6: 建标[2011]1号文《市政工程设计概算编制办法》，第一部分工程费用*1% | D6: =概算!H17 -> 35.16
A7: 6 | B7: 设计费 | C7: 计价格【2002】10号《国家计委、建设部关于发布〈工程勘察设计收费管理规定〉的通知》 | D7: =概算!H18 -> 38.95
A8: 7 | B8: 环境影响咨询服务费 | C8: 国家计委、国家环境保护总局计价格[2002]125号文 | D8: =概算!H19 -> 2.44
A9: 8 | B9: 水土保持补偿费 | C9: 福建省发展和改革委、福建省财政厅闽发改服价函[2020]267 | D9: =概算!H20 -> 1.2971
A10: 9 | B10: 劳动安全卫生评审费 | C10: 建标[2011]1号文《市政工程设计概算编制办法》，工程费用×0.3% | D10: =概算!H21 -> 3.01
A11: 10 | B11: 场地准备及临时设施费 | C11: 建标[2011]1号文《市政工程设计概算编制办法》，工程费用×1% | D11: =概算!H22 -> 10.05
A12: 11 | B12: 工程保险费 | C12: 建标[2011]1号文《市政工程设计概算编制办法》，工程费用×0.5% | D12: =概算!H23 -> 5.02
A13: 12 | B13: 招标代理服务费 | C13: 国家发展改革委发改价格[2011]534号 | D13: =概算!H24 -> 11.53
... A19: 18 | B19: 地下管线竣工测量费 | C19: 暂列金额 | D19: =概算!H30 -> 10
B20: 工程建设其他费合计 | D20: =SUM(D2:D19) -> 183.47566

Sheet 表2表3
A2: 按费用性质划分主要经济指标表 | E2: 02表 | J2: 主要材料用量汇总表 | O2: 04表
A3: 序号 | B3: 工程项目 | C3: 投资额(万元) | D3: 合计(万元) | E3: 占总资金比例% | J3: 材料名称 | L3: 水泥(吨) | M3: 钢材(吨) | N3: 木材 (立方米) | O3: 沥青(吨)
B4: 费用项目
A5: 1 | B5: 建筑工程 | C5: =概算!D6 -> 552.7832 | D5: =C5 -> 552.7832 | E5: =C5/C12*100 -> 44.310647 | J5: 合计 | L5: 1159 | M5: 166 | N5: 99 | O5: 1.348
A6: 2 | B6: 安装工程 | C6: =概算!E6 -> 451.8533 | D6: =C6 -> 451.8533 | E6: =C6/C12*100 -> 36.220189
A7: 3 | B7: 设备及工器具购置费 | C7: =概算!F6 -> 0 | D7: =C7 -> 0 | E7: =C7/C12*100 -> 0
A8: 4 | B8: 其它费用 | C8: =概算!G12 -> 183.47566 | D8: =C8 -> 183.47566 | E8: =C8/C12*100 -> 14.707259
A9: 5 | B9: 基本预备费 | C9: =概算!H31 -> 59.405608 | D9: =C9 -> 59.405608 | E9: =C9/C12*100 -> 4.7619048
A10: 6 | B10: 建设期贷款利息 | C10: =概算!H34 -> 0 | D10: =C10 -> 0 | E10: =C10/C12*100 -> 0
B11: 静态投资合计 | C11: =SUM(C5:C10) -> 1247.5178 | D11: =C11 -> 1247.5178 | E11: =C11/C12*100 -> 100
B12: 总投资合计 | C12: =概算!H36 -> 1247.5178 | D12: =C12 -> 1247.5178 | E12: =E5+E7+E6+E8+E9+E10 -> 100
B13: 占总资金比例%
A15: 按专业划分主要经济指标表 | E15: 03表
A16: 序 | B16: 工程项目 | C16: 投资额(万元) | D16: 合计(万元) | E16: 占总资金比例%
A17: 号 | B17: 费用项目
A18: 1 | B18: 路面工程 | C18: =概算!H7 -> 322.372 | D18: =C18 -> 322.372 | E18: =C18/$C$26*100 -> 25.841075
A19: 2 | B19: 交通工程 | C19: =概算!H9 -> 15.1254 | D19: =C19 -> 15.1254 | E19: =C19/$C$26*100 -> 1.2124396
A20: 3 | B20: 电力工程 | C20: =概算!H10 -> 302.3153 | D20: =C20 -> 302.3153 | E20: =C20/$C$26*100 -> 24.233346
A21: 4 | B21: 通信工程 | C21: =概算!H11 -> 149.538 | D21: =C21 -> 149.538 | E21: =C21/$C$26*100 -> 11.986843
A22: 5 | B22: 其他费用 | C22: =概算!H12 -> 183.47566 | D22: =C22 -> 183.47566 | E22: =C22/$C$26*100 -> 14.707259
A23: 6 | B23: 基本预备费 | C23: =概算!H31 -> 59.405608 | D23: =C23 -> 59.405608 | E23: =C23/$C$26*100 -> 4.7619048
A24: 7 | B24: 工程静态投资 | C24: =概算!H33 -> 1247.5178 | D24: =C24 -> 1247.5178 | E24: =C24/$C$26*100 -> 100
A25: 8 | B25: 建设期贷款利息 | C25: =概算!H34 -> 0 | D25: =C25 -> 0 | E25: =C25/$C$26*100 -> 0
B26: 总资金合计 | C26: =概算!H36 -> 1247.5178 | D26: =D24+D25 -> 1247.5178 | E26: =E24+E25 -> 100
B27: 占总资金比例% | E27: =E26 -> 100
J84: =J49+J78-0.01 -> -0.01

Sheet 市政不打印
A1: 工程总估算表1
A2: 建设项目名称：乡村振兴特色乡镇建设项目
A3: 序号 | B3: 估（概） | C3: 工程或费用名称 | D3: 估算金额（万元） | I3: 技术经济指标 | K3: 单位价值元（元） | L3: 备注
B4: 算书编号 | D4: 建筑工程 | E4: 安装工程 | F4: 设备及工器具 购置费 | G4: 其它费用 | H4: 合计 | I4: 单位 | J4: 数量
A5: 1 | B5: 2 | C5: 3 | D5: 4 | E5: 5 | F5: 6 | G5: 7 | H5: 8 | I5: 9 | J5: 10 | K5: 11 | L5: 12
A6: 一 | C6: 第一部分 工程建设费用
B7: 一 | C7: 黄田镇乡村振兴精品示范路线全面提升 | M7: 233
B8: （一） | C8: 路面工程 | O8: 预备费 | P8: =H212 -> 0
B9: 1 | C9: 行车道 | D9: =SUM(D10:D17) -> 1520.21 | E9: =SUM(E10:E17) -> 0 | F9: =SUM(F10:F17) -> 0 | G9: =SUM(G10:G17) -> 0 | H9: =SUM(D9:G9) -> 1520.21 | O9: 总造价 | P9: =#REF!+#REF!+P8 -> #REF!
B10: 1.1 | C10: 4cm厚AC-13C改性沥青混凝土路面 | D10: =ROUND(K10*J10/10000,2) -> 276.91 | H10: =D10 -> 276.91 | I10: m2 | J10: 42602 | K10: 65
B11: 1.2 | C11: 5cm厚AC-16C沥青混凝土路面 | D11: =ROUND(K11*J11/10000,2) -> 362.12 | H11: =SUM(D11:G11) -> 362.12 | I11: m2 | J11: =J10 -> 42602 | K11: 85
B12: 1.3 | C12: 稀浆封层 | D12: =ROUND(K12*J12/10000,2) -> 76.68 | H12: =SUM(D12:G12) -> 76.68 | I12: m2 | J12: =J10 -> 42602 | K12: 18
B13: 1.4 | C13: 15cm厚5%水泥稳定碎石 | D13: =ROUND(K13*J13/10000,2) -> 328.61 | H13: =SUM(D13:G13) -> 328.61 | I13: m2 | J13: 43815 | K13: 75
B14: 1.5 | C14: 15cm厚3%水泥稳定碎石 | D14: =ROUND(K14*J14/10000,2) -> 310.59 | H14: =SUM(D14:G14) -> 310.59 | I14: m2 | J14: 44370 | K14: 70
B15: 1.6 | C15: 15cm厚级配碎石 | D15: =ROUND(J15*K15/10000,2) -> 135.48 | H15: =SUM(D15:G15) -> 135.48 | I15: m2 | J15: 45160 | K15: 30
B16: 1.7 | C16: 粘层（乳化沥青PC-3） | D16: =ROUND(J16*K16/10000,2) -> 8.52 | H16: =SUM(D16:G16) -> 8.52 | I16: m2 | J16: =J10 -> 42602 | K16: 2
B17: 1.8 | C17: 透层（乳化沥青PC-2） | D17: =ROUND(K17*J17/10000,2) -> 21.3 | H17: =SUM(D17:G17) -> 21.3 | I17: m2 | J17: =J10 -> 42602 | K17: 5
B18: 2 | C18: 人行道 | D18: =SUM(D19:D21) -> 323.93 | E18: =SUM(E19:E21) -> 0 | F18: =SUM(F19:F21) -> 0 | G18: =SUM(G19:G21) -> 0 | H18: =SUM(D18:G18) -> 323.93
B19: 2.1 | C19: 6cm厚彩色透水砖 | D19: =ROUND(J19*K19/10000,2) -> 165.73 | H19: =SUM(D19:G19) -> 165.73 | I19: m2 | J19: 15066 | K19: 110
B20: 2.2 | C20: 15cm厚C20透水混凝土 | D20: =ROUND(J20*K20/10000,2) -> 120.53 | H20: =SUM(D20:G20) -> 120.53 | I20: m2 | J20: =J19 -> 15066 | K20: 80
B21: 2.3 | C21: 10cm厚级配碎石 | D21: =ROUND(J21*K21/10000,2) -> 37.67 | H21: =SUM(D21:G21) -> 37.67 | I21: m2 | J21: =J19 -> 15066 | K21: 25
B22: 3 | C22: 其他工程 | D22: =SUM(D23:D28) -> 447.42 | E22: =SUM(E23:E28) -> 0 | F22: =SUM(F23:F28) -> 0 | G22: =SUM(G23:G28) -> 0 | H22: =SUM(D22:G22) -> 447.42
B23: 3.1 | C23: 路缘石A | D23: =ROUND(K23*J23/10000,2) -> 97.25 | H23: =SUM(D23:G23) -> 97.25 | I23: m | J23: 8841 | K23: 110
B24: 3.2 | C24: 树池条石 | D24: =ROUND(K24*J24/10000,2) -> 4.1 | H24: =SUM(D24:G24) -> 4.1 | I24: m | J24: 585 | K24: 70
B25: 3.3 | C25: 平缘石 | D25: =ROUND(K25*J25/10000,2) -> 63.82 | H25: =SUM(D25:G25) -> 63.82 | I25: m | J25: 7091 | K25: 90
B26: 3.4 | C26: C15底座 | D26: =ROUND(K26*J26/10000,2) -> 10 | H26: =SUM(D26:G26) -> 10 | I26: m3 | J26: 200 | K26: 500
B27: 3.5 | C27: 交通标线 | D27: =ROUND(K27*J27/10000,2) -> 16.64 | H27: =SUM(D27:G27) -> 16.64 | I27: km | J27: 2560 | K27: 65
B28: 3.6 | C28: 破除砼路面（20cm混凝土面层+15cm5%水泥稳定+15cm填隙碎石） | D28: =ROUND(K28*J28/10000,2) -> 255.61 | H28: =SUM(D28:G28) -> 255.61 | I28: m | J28: =J10 -> 42602 | K28: 60
C29: 路面工程小计： | D29: =D9+D14+D22 -> 2278.22 | E29: =SUM(E9:E21) -> 0 | F29: =SUM(F9:F21) -> 0 | G29: =SUM(G9:G21) -> 0 | H29: =D29 -> 2278.22 | I29: km | J29: 5.640607 | K29: =H29*10000/J29 -> 4038962.5 | M29: 1802
B30: （五） | C30: 给水工程
B31: 1 | C31: 地上式消火栓 SS150/65-1.0 | D31: =ROUND(K31*J31/10000,2) -> 11.4 | H31: =SUM(D31:G31) -> 11.4 | I31: 座 | J31: 57 | K31: 2000 | O31: 69
B32: 2 | C32: 阀门井 φ1200 | D32: =ROUND(K32*J32/10000,2) -> 36.3 | H32: =D32 -> 36.3 | I32: 座 | J32: 66 | K32: 5500
B33: 3 | C33: 排气井 φ1200 | D33: =ROUND(K33*J33/10000,2) -> 11.02 | H33: =D33 -> 11.02 | I33: 座 | J33: 19 | K33: 5800
B34: 4 | C34: 排泥井 φ800 | D34: =ROUND(K34*J34/10000,2) -> 6.3 | H34: =D34 -> 6.3 | I34: 座 | J34: 18 | K34: 3500
B35: 5 | C35: 球墨铸铁管 d300 | D35: =ROUND(K35*J35/10000,2) -> 435.75 | H35: =D35 -> 435.75 | I35: m | J35: 6225 | K35: 700
B36: 6 | C36: 球墨铸铁管 d200 | D36: =ROUND(K36*J36/10000,2) -> 31.5 | H36: =D36 -> 31.5 | I36: m | J36: 630 | K36: 500
B37: 7 | C37: 球墨铸铁管 d150 | D37: =ROUND(K37*J37/10000,2) -> 4.17 | H37: =D37 -> 4.17 | I37: m | J37: 139 | K37: 300
C38: 给水工程小计： | D38: =SUM(D31:D37) -> 536.44 | E38: =SUM(E31:E31) -> 0 | F38: =SUM(F31:F31) -> 0 | G38: =SUM(G31:G31) -> 0 | H38: =SUM(D38:G38) -> 536.44 | I38: km | J38: 5.640607 | K38: =D38/J38*10000 -> 951032.4 | M38: 48 | N38: =Macro1!#REF! -> #REF! | O38: 79 | P38: 89 | Q38: 99 | R38: 9 | S38: 20 | T38: 30
B39: （二） | C39: 雨水工程 | M39: 691
B40: 1 | C40: 雨水检查井φ3300*2480 | D40: =ROUND(K40*J40/10000,2) -> 4 | H40: =SUM(D40:G40) -> 4 | I40: 座 | J40: 1 | K40: 40000
B41: 2 | C41: 雨水检查井φ2200*2200 | D41: =ROUND(K41*J41/10000,2) -> 2.8 | H41: =SUM(D41:G41) -> 2.8 | I41: 座 | J41: 1 | K41: 28000
B42: 3 | C42: 雨水检查井φ2200*1700 | D42: =ROUND(K42*J42/10000,2) -> 33.6 | H42: =SUM(D42:G42) -> 33.6 | I42: 座 | J42: 14 | K42: 24000
B43: 4 | C43: 雨水检查井φ1800*1100 | D43: =ROUND(K43*J43/10000,2) -> 24 | H43: =SUM(D43:G43) -> 24 | I43: 座 | J43: 12 | K43: 20000
B44: 5 | C44: 雨水检查井φ1500*1100 | D44: =ROUND(K44*J44/10000,2) -> 42 | H44: =SUM(D44:G44) -> 42 | I44: 座 | J44: 28 | K44: 15000
B45: 6 | C45: 雨水检查井φ1650*1650 | D45: =ROUND(K45*J45/10000,2) -> 1.8 | H45: =SUM(D45:G45) -> 1.8 | I45: 座 | J45: 1 | K45: 18000
B46: 7 | C46: 雨水检查井φ1300*1100 | D46: =ROUND(K46*J46/10000,2) -> 4.8 | H46: =SUM(D46:G46) -> 4.8 | I46: 座 | J46: 4 | K46: 12000
B47: 8 | C47: 雨水检查井φ1500 | D47: =ROUND(K47*J47/10000,2) -> 57.2 | H47: =SUM(D47:G47) -> 57.2 | I47: 座 | J47: 44 | K47: 13000
B48: 9 | C48: 雨水检查井φ1250 | D48: =ROUND(K48*J48/10000,2) -> 45 | H48: =SUM(D48:G48) -> 45 | I48: 座 | J48: 45 | K48: 10000
B49: 10 | C49: 雨水检查井φ1000 | D49: =ROUND(K49*J49/10000,2) -> 188.8 | H49: =SUM(D49:G49) -> 188.8 | I49: 座 | J49: 236 | K49: 8000
B50: 11 | C50: 单箅雨水口 | D50: =ROUND(K50*J50/10000,2) -> 54.46 | H50: =SUM(D50:G50) -> 54.46 | I50: 座 | J50: 389 | K50: 1400
B51: 12 | C51: 双箅雨水口 | D51: =ROUND(K51*J51/10000,2) -> 18 | H51: =SUM(D51:G51) -> 18 | I51: 座 | J51: 75 | K51: 2400
... B62: 23 | C62: HDPE缠绕增强管(B型) d300 | D62: =ROUND(K62*J62/10000,2) -> 242 | H62: =SUM(D62:G62) -> 242 | I62: m | J62: 4400 | K62: 550
B63: 24 | C63: 6m拉森钢板桩 | D63: =ROUND(K63*J63/10000,2) -> 232.4 | H63: =SUM(D63:G63) -> 232.4 | I63: m | J63: =(J60+J61)*0.5 -> 2905 | K63: 800
B64: 25 | C64: 9m拉森钢板桩 | D64: =ROUND(K64*J64/10000,2) -> 77.4 | H64: =SUM(D64:G64) -> 77.4 | I64: m | J64: =(J57+J58+J59)*0.5 -> 645 | K64: 1200
C65: 雨水工程小计： | D65: =SUM(D40:D64) -> 1999.66 | E65: =SUM(E41:E59) -> 0 | F65: =SUM(F39:F59) -> 0 | G65: =SUM(G39:G59) -> 0 | H65: =SUM(D65:G65) -> 1999.66 | I65: km | J65: 5.640607 | K65: =H65*10000/J65 -> 3545114.9
B66: （三） | C66: 污水工程 | M66: 233
B67: 1 | C67: 污水检查井 φ1000 | D67: =ROUND(K67*J67/10000,2) -> 175 | H67: =SUM(D67:G67) -> 175 | I67: 座 | J67: 250 | K67: 7000
B68: 2 | C68: HDPE缠绕增强管(B型) d400 | D68: =ROUND(K68*J68/10000,2) -> 306.6 | H68: =SUM(D68:G68) -> 306.6 | I68: m | J68: 4380 | K68: 700
B69: 3 | C69: HDPE缠绕增强管(B型)d300 | D69: =ROUND(K69*J69/10000,2) -> 41.8 | H69: =SUM(D69:G69) -> 41.8 | I69: m | J69: 760 | K69: =K62 -> 550
B70: 4 | C70: 排气井 φ1200 | D70: =ROUND(K70*J70/10000,2) -> 0.8 | H70: =D70 -> 0.8 | I70: 座 | J70: 1 | K70: 8000
B71: 5 | C71: 排泥井 φ800 | D71: =ROUND(K71*J71/10000,2) -> 0.6 | H71: =D71 -> 0.6 | I71: 座 | J71: 1 | K71: 6000
B72: 6 | C72: 阀门井 φ1200 | D72: =ROUND(K72*J72/10000,2) -> 0.7 | H72: =D72 -> 0.7 | I72: 座 | J72: 1 | K72: 7000
B73: 7 | C73: 污水提升泵200m3/h | D73: =ROUND(K73*J73/10000,2) -> 200 | H73: =SUM(D73:G73) -> 200 | I73: 座 | J73: 1 | K73: 2000000
B74: 8 | C74: 球墨铸铁管 d400 | D74: =ROUND(K74*J74/10000,2) -> 36 | H74: =D74 -> 36 | I74: m | J74: 400 | K74: 900
B75: 9 | C75: 6m拉森钢板桩 | D75: =ROUND(K75*J75/10000,2) -> 0 | H75: =SUM(D75:G75) -> 0 | I75: m | K75: =K63 -> 800
B76: 10 | C76: 9m拉森钢板桩 | D76: =ROUND(K76*J76/10000,2) -> 262.8 | H76: =SUM(D76:G76) -> 262.8 | I76: m | J76: =(J68)*0.5 -> 2190 | K76: =K64 -> 1200
B77: 11 | C77: 拆除现状给水管 DN200 | D77: =ROUND(K77*J77/10000,2) -> 14 | H77: =D77 -> 14 | I77: m | J77: 5600 | K77: 25
B78: 12 | C78: 拆除合流管 DN400 | D78: =ROUND(K78*J78/10000,2) -> 9 | H78: =SUM(D78:G78) -> 9 | I78: m | J78: 3000 | K78: 30
B79: 13 | C79: 拆除盖板沟 0.5m*0.4m | D79: =ROUND(K79*J79/10000,2) -> 12 | H79: =SUM(D79:G79) -> 12 | I79: m | J79: 3000 | K79: 40
B80: 14 | C80: 破除恢复水泥路面 | D80: =ROUND(K80*J80/10000,2) -> 39 | H80: =SUM(D80:G80) -> 39 | I80: m | J80: 1300 | K80: 300
C81: 污水工程小计： | D81: =SUM(D67:D80) -> 1098.3 | E81: =SUM(E67:E74) -> 0 | F81: =SUM(F67:F74) -> 0 | G81: =SUM(G67:G74) -> 0 | H81: =SUM(D81:G81) -> 1098.3 | I81: km | J81: 5.640607 | K81: =H81*10000/J81 -> 1947130.9
B82: （七） | C82: 电力管道工程
B83: 1 | C83: 电缆保护管MPP150 9孔 | D83: =ROUND(K83*J83/10000,2) -> 820.98 | H83: =SUM(D83:G83) -> 820.98 | I83: m | J83: 4561 | K83: 1800
B84: 2 | C84: 电缆保护管G150 9孔 | D84: =ROUND(K84*J84/10000,2) -> 249.92 | H84: =SUM(D84:G84) -> 249.92 | I84: m | J84: 1136 | K84: 2200
B85: 3 | C85: 电缆保护管G150 6孔 | D85: =ROUND(K85*J85/10000,2) -> 77.4 | H85: =SUM(D85:G85) -> 77.4 | I85: m | J85: 516 | K85: 1500
B86: 4 | C86: 热镀锌接地扁钢-50*5 | D86: =ROUND(K86*J86/10000,2) -> 49.7 | H86: =SUM(D86:G86) -> 49.7 | I86: m | J86: 12426 | K86: 40
B87: 5 | C87: 热镀锌接地角钢L50*50*5*2500 | D87: =ROUND(K87*J87/10000,2) -> 9.48 | H87: =SUM(D87:G87) -> 9.48 | I87: 根 | J87: 729 | K87: 130
B88: 6 | C88: 电力工作井 直通型 | D88: =ROUND(K88*J88/10000,2) -> 64.35 | H88: =SUM(D88:G88) -> 64.35 | I88: 座 | J88: 33 | K88: 19500
B89: 7 | C89: 电力工作井 三通型 | D89: =ROUND(K89*J89/10000,2) -> 125.05 | H89: =SUM(D89:G89) -> 125.05 | I89: 座 | J89: 61 | K89: 20500
B90: 8 | C90: 电力工作井 四通型 | D90: =ROUND(K90*J90/10000,2) -> 70.95 | H90: =SUM(D90:G90) -> 70.95 | I90: 座 | J90: 33 | K90: 21500
C91: 电力管道工程小计： | D91: =SUM(D83:D90) -> 1467.83 | E91: 0 | F91: 0 | G91: 0 | H91: =SUM(D91:G91) -> 1467.83 | I91: km | J91: 5.640607 | K91: =H91/J91*10000 -> 2602255.4 | M91: 432
B92: （八） | C92: 通信工程
B93: 1 | C93: 电缆保护管UPVC∅110 9孔 | D93: =ROUND(J93*K93/10000,2) -> 145.08 | H93: =SUM(D93:G93) -> 145.08 | I93: m | J93: 2340 | K93: 620
B94: 2 | C94: 电缆保护管G100 9孔 | D94: =ROUND(K94*J94/10000,2) -> 105.48 | H94: =SUM(D94:G94) -> 105.48 | I94: m | J94: 586 | K94: 1800
B95: 3 | C95: 电缆保护管G100 6孔 | D95: =ROUND(K95*J95/10000,2) -> 42.24 | H95: =SUM(D95:G95) -> 42.24 | I95: m | J95: 264 | K95: 1600
B96: 4 | C96: 通信工作井 直通型 | D96: =ROUND(K96*J96/10000,2) -> 10.8 | H96: =SUM(D96:G96) -> 10.8 | I96: 座 | J96: 12 | K96: 9000
B97: 5 | C97: 通信工作井 三通型 | D97: =ROUND(K97*J97/10000,2) -> 23 | H97: =SUM(D97:G97) -> 23 | I97: 座 | J97: 23 | K97: 10000
B98: 6 | C98: 通信工作井 四通型 | D98: =ROUND(K98*J98/10000,2) -> 13.2 | H98: =SUM(D98:G98) -> 13.2 | I98: 座 | J98: 12 | K98: 11000
C99: 通信工程小计： | D99: =SUM(D93:D98) -> 339.8 | E99: =SUM(E96:E98) -> 0 | F99: =SUM(F96:F98) -> 0 | G99: =SUM(G96:G98) -> 0 | H99: =D99 -> 339.8 | I99: km | J99: 5.640607 | K99: =H99/J99*10000 -> 602417.43 | M99: 326
B100: （九） | C100: 路灯照明工程
B101: 1 | C101: （H=10m)杆单臂路灯灯具 LED175W | E101: =ROUND(K101*J101/10000,2) -> 180.8 | H101: =SUM(D101:G101) -> 180.8 | I101: 套 | J101: 226 | K101: 8000
B102: 2 | C102: （H=12m)中杆灯灯具LED 3*200W | E102: =ROUND(K102*J102/10000,2) -> 48 | H102: =SUM(D102:G102) -> 48 | I102: 套 | J102: 32 | K102: 15000
B103: 3 | C103: 电力电缆YJV-0.6/1KV;5*25m2 | E103: =ROUND(K103*J103/10000,2) -> 74.43 | H103: =SUM(D103:G103) -> 74.43 | I103: m | J103: 6766 | K103: 110
B104: 4 | C104: 腊克线;3*2.5m2 | E104: =ROUND(K104*J104/10000,2) -> 3.97 | H104: =SUM(D104:G104) -> 3.97 | I104: m | J104: 2644 | K104: 15
B105: 5 | C105: 电缆保护管CPVC75 | D105: =ROUND(K105*J105/10000,2) -> 39.48 | H105: =SUM(D105:G105) -> 39.48 | I105: m | J105: 5640 | K105: 70
B106: 6 | C106: 电缆保护管SC80 | D106: =ROUND(K106*J106/10000,2) -> 18.33 | H106: =SUM(D106:G106) -> 18.33 | I106: m | J106: 1410 | K106: 130
B107: 7 | C107: 路灯检修手孔井 | D107: =ROUND(K107*J107/10000,2) -> 17.58 | H107: =SUM(D107:G107) -> 17.58 | I107: 座 | J107: 95 | K107: 1850
B108: 8 | C108: 热镀锌接地扁钢-40*4 | D108: =ROUND(K108*J108/10000,2) -> 16.92 | H108: =SUM(D108:G108) -> 16.92 | I108: m | J108: 5640 | K108: 30
B109: 9 | C109: 热镀锌接地角钢L50*50*5*2500 | D109: =ROUND(K109*J109/10000,2) -> 3.35 | H109: =SUM(D109:G109) -> 3.35 | I109: 根 | J109: 258 | K109: 130
B110: 10 | C110: 路灯箱式变压器（含路灯控制箱） | E110: =ROUND(K110*J110/10000*0.2,2) -> 12 | F110: =ROUND(K110*J110/10000*0.8,2) -> 48 | H110: =SUM(D110:G110) -> 60 | I110: 套 | J110: 4 | K110: 150000
...
